Map: Arctic Flowers LE

Players

Shokuho

  • Race: Terran Terran
  • Spawn Location: 7:00

JIANGSUSG - Winner!

  • Race: Protoss Protoss
  • Spawn Location: 1:00

VOD

Have the link to the VOD?

Description

Time

  • Played on: Jan. 25, 2025, 3:18 a.m.
  • Length: 40:22
Show
View Real Time Build Order
Export as new Build Order

Shokuho Terran 

Build Orders: Mech 

Get SALT Encoding   

  12  0:01  SCV  
  13  0:13  SCV  
  14  0:29  Supply Depot  
  14  0:34  Supply Depot  
  14  0:35  Refinery, SCV  
  15  0:48  Refinery  
  15  0:53  SCV  
  16  1:05  SCV  
  17  1:17  SCV  
  18  1:22  Barracks  
  18  1:29  SCV  
  18  1:30  Supply Depot  
  19  1:41  SCV  
  20  1:53  SCV  
  20  1:54  Engineering Bay  
  21  2:05  SCV  
  22  2:15  Factory  
  22  2:18  SCV  
  23  2:23  Refinery  
  23  2:30  SCV  
  23  2:32  Refinery  
  24  2:42  SCV  
  25  2:54  SCV  
  25  2:58  Barracks Tech Lab  
  26  3:02  Factory Tech Lab  
  26  3:04  Supply Depot  
  26  3:06  SCV  
  26  3:12  Command Center  
  27  3:21  Siege Tank  
  30  3:28  Barracks Tech Lab  
  30  3:37  Sensor Tower  
  30  3:47  Orbital Command  
  30  4:11  Command Center  
  30  4:18  Siege Tank  
  33  4:38  Armory  
  33  4:59  Orbital Command  
  33  5:02  SCV  
  34  5:14  SCV  
  34  5:19  Cyclone  
  38  5:26  SCV x2  
  38  5:28  Refinery  
  40  5:30  Starport  
  40  5:32  Barracks Tech Lab  
  40  5:38  SCV x2  
  42  5:46  SCV  
  43  5:50  SCV x2  
  45  5:58  SCV  
  45  6:03  SCV  
  47  6:10  Barracks Tech Lab  
  47  6:11  SCV  
  48  6:14  Factory  
  48  6:15  SCV  
  48  6:17  Thor  
  55  6:23  SCV  
  56  6:25  Liberator  
  56  6:31  SCV  
  60  6:39  Refinery  
  60  6:43  SCV  
  60  6:46  SCV  
  62  6:49  SCV  
  63  6:55  SCV  
  63  6:58  SCV  
  63  7:01  SCV  
  66  7:04  Command Center  
  66  7:07  SCV  
  67  7:08  Viking  
  67  7:10  SCV  
  67  7:13  SCV  
  71  7:19  SCV  
  71  7:22  SCV  
  73  7:25  Factory, SCV  
  74  7:31  SCV  
  74  7:34  SCV  
  74  7:35  Barracks Tech Lab  
  76  7:37  SCV  
  77  7:57  Supply Depot  
  77  8:03  Supply Depot  
  77  8:16  Viking, SCV  
  80  8:22  Supply Depot  
  80  8:27  Supply Depot  
  80  8:28  SCV  
  81  8:35  Factory Tech Lab  
  81  8:40  SCV  
  82  8:43  Starport  
  82  8:52  SCV  
  83  9:03  SCV x2  
  83  9:04  SCV  
  86  9:15  SCV x2  
  86  9:17  SCV  
  89  9:18  Supply Depot  
  89  9:20  Supply Depot  
  89  9:27  SCV x2  
  89  9:29  SCV  
  92  9:39  SCV  
  92  9:40  Supply Depot, SCV  
  92  9:41  SCV  
  92  9:44  Supply Depot  
  95  10:03  Supply Depot  
  95  10:06  Refinery  
  95  10:07  Supply Depot  
  95  10:18  Refinery  
  95  10:27  Supply Depot  
  95  10:30  Barracks Tech Lab  
  95  10:32  Fusion Core  
  95  10:35  Thor x3  
  113  10:50  Supply Depot  
  113  10:53  Supply Depot  
  113  11:13  Supply Depot  
  113  11:17  Thor x2  
  113  11:18  Thor  
  131  11:24  Missile Turret  
  131  11:36  Supply Depot  
  131  11:44  Missile Turret  
  131  11:46  Orbital Command  
  131  11:47  Orbital Command  
  131  11:51  Weapon Refit  
  131  11:58  Supply Depot  
  131  12:00  Thor x3  
  149  12:03  Hi-Sec Auto Tracking  
  149  12:04  Missile Turret, Armory  
  149  12:08  Terran Vehicle Weapons Level 1  
  149  12:20  Supply Depot  
  149  12:25  Missile Turret  
  149  12:32  Factory  
  149  12:43  Thor  
  155  12:44  Missile Turret  
  155  12:45  Missile Turret  
  155  12:48  Ghost Academy  
  155  13:00  Neosteel Armor  
  155  13:02  Terran Vehicle And Ship Armor Level 1  
  155  13:04  Missile Turret  
  155  13:09  Missile Turret  
  155  13:17  Ghost Academy  
  154  13:22  Battlecruiser x2  
  154  13:24  Caduceus Reactor  
  154  13:26  Missile Turret  
  166  13:27  Thor x2  
  166  13:28  Thor x2  
  166  13:29  Missile Turret  
  190  13:40  Armory  
  190  13:48  Ghost Academy  
  190  13:49  Missile Turret  
  190  13:52  SCV  
  190  13:54  Missile Turret  
  191  14:04  SCV  
  191  14:09  Missile Turret  
  192  14:16  SCV, Missile Turret  
  193  14:20  Ghost Academy  
  193  14:21  Advanced Ballistics  
  193  14:28  SCV  
  193  14:29  Missile Turret  
  148  14:40  SCV  
  148  14:41  Terran Infantry Weapons Level 1  
  128  14:51  Missile Turret  
  128  14:52  SCV  
  128  15:04  SCV  
  123  15:09  SCV x3  
  123  15:12  Missile Turret  
  108  15:16  SCV  
  110  15:21  SCV x2  
  111  15:29  Command Center  
  111  15:32  Command Center  
  111  15:33  Missile Turret  
  111  15:35  Command Center  
  111  15:40  Command Center  
  111  15:46  Command Center  
  111  15:49  Command Center  
  111  15:53  Missile Turret  
  111  15:55  Command Center  
  111  15:59  Command Center  
  111  16:03  Terran Vehicle Weapons Level 2  
  111  16:04  Terran Vehicle And Ship Armor Level 2, Terran Ship Weapons Level 1  
  111  16:14  Missile Turret  
  111  16:19  Starport  
  111  16:23  Starport  
  111  16:24  Starport  
  111  16:25  Starport  
  111  16:32  Nuke x3  
  111  16:33  Nuke  
  111  16:34  Missile Turret  
  111  16:35  Terran Infantry Armor Level 1  
  111  16:38  Ghost  
  114  17:02  Starport x2  
  114  17:05  Starport  
  114  17:07  Ghost  
  117  17:15  Personal Cloaking  
  116  17:36  Ghost  
  118  18:04  Ghost  
  120  18:20  Battlecruiser x2  
  120  18:23  Terran Vehicle And Ship Armor Level 3, Terran Ship Weapons Level 2, Terran Vehicle Weapons Level 3  
  132  18:33  SCV, Ghost  
  136  18:45  SCV  
  135  18:58  SCV  
  136  19:10  SCV  
  137  19:22  Command Center, SCV  
  138  19:24  Battlecruiser  
  138  19:26  Command Center  
  144  19:37  Battlecruiser  
  141  19:51  Starport Tech Lab x3  
  141  19:52  Starport Tech Lab x3  
  127  20:29  Battlecruiser  
  133  20:42  Battlecruiser  
  139  20:56  Nuke x3  
  139  21:33  Battlecruiser  
  145  21:42  Battlecruiser x5  
  145  21:43  Battlecruiser  
  145  21:46  Battlecruiser  
  199  23:15  Planetary Fortress  
  187  23:35  Viking x4  
  187  23:36  Viking x2  
  199  24:53  Command Center  
  199  24:59  Command Center  
  199  25:00  Command Center  
  199  25:01  Command Center  
  199  25:03  Command Center  
  199  25:06  Command Center x2  
  199  25:07  Command Center  
  199  25:14  Command Center  
  199  25:18  Command Center  
  199  25:20  Command Center  
  199  25:27  Command Center  
  199  25:31  Command Center  
  193  26:40  Planetary Fortress x3  
  193  26:41  Planetary Fortress x4  
  193  26:42  Planetary Fortress  
  193  26:58  Planetary Fortress  
  193  27:00  Planetary Fortress  
  193  27:32  Refinery  
  193  27:34  Refinery  
  193  27:53  Refinery  
  193  27:54  Planetary Fortress  
  193  28:02  Refinery  
  193  28:39  Sensor Tower  
  193  28:41  Missile Turret  
  193  28:49  Missile Turret  
  193  28:50  Missile Turret  
  193  28:51  Missile Turret  
  193  28:52  Missile Turret x2  
  193  28:56  Missile Turret  
  193  28:57  Missile Turret  
  193  28:58  Missile Turret  
  193  29:03  Missile Turret  
  193  29:05  Missile Turret  
  193  29:06  Missile Turret x2  
  193  29:08  Missile Turret x2  
  193  29:09  Missile Turret x3  
  188  29:45  Command Center  
  188  29:47  Missile Turret  
  188  29:49  Missile Turret  
  188  29:56  Planetary Fortress  
  188  30:02  Command Center  
  188  30:07  Command Center  
  188  30:11  Command Center  
  188  30:17  Missile Turret  
  188  30:18  Missile Turret x3  
  188  30:19  Missile Turret  
  188  30:22  Missile Turret  
  188  30:23  Missile Turret  
  188  30:25  Missile Turret  
  188  30:54  Viking x6  
  271  32:08  Viking x3  
  107  32:09  Viking x6  
  100  32:38  Viking x3  
  100  32:39  Viking x3  
  110  33:43  Thor x4  
  134  34:25  Thor  
  134  34:26  Thor x3  
  155  35:41  Viking x2  
  155  35:42  Viking x4  
  165  35:43  Viking x2  
  165  35:44  Battlecruiser  
  177  36:09  Siege Tank  
  180  36:11  Battlecruiser  
  180  36:12  Raven x2, Battlecruiser  
  196  36:46  Planetary Fortress  
  196  36:47  Planetary Fortress  
  196  36:49  Planetary Fortress  
  161  38:02  Viking x2  
  161  38:03  Viking x7  
  139  38:32  Viking  
  87  39:01  Viking x5  
  87  39:02  Viking x2  
  94  39:13  Viking x2  
Show
View Real Time Build Order
Export as new Build Order

JIANGSUSG Protoss - Winner!

Build Orders: 1 Gate Expand, Double Forge 

Get SALT Encoding   

  12  0:00  Probe  
  13  0:12  Probe  
  14  0:25  Probe  
  14  0:26  Pylon  
  14  0:34  Assimilator  
  15  0:41  Probe  
  16  0:52  Gateway  
  16  0:54  Probe  
  17  1:05  Probe  
  18  1:14  Probe  
  19  1:22  Probe  
  20  1:35  Nexus  
  20  1:40  Pylon  
  20  1:42  Probe  
  21  1:54  Probe  
  22  2:06  Probe  
  23  2:09  Nexus  
  23  2:15  Pylon  
  23  2:18  Probe  
  24  2:27  Probe  
  24  2:30  Assimilator  
  24  2:35  Probe  
  26  2:45  Probe, Assimilator  
  26  2:49  Assimilator  
  27  2:53  Probe  
  27  2:57  Probe  
  29  3:01  Probe  
  30  3:09  Probe  
  30  3:11  Probe  
  31  3:15  Cybernetics Core  
  31  3:19  Cybernetics Core  
  32  3:20  Probe  
  32  3:21  Pylon  
  32  3:25  Probe  
  34  3:28  Probe  
  35  3:37  Probe x2  
  35  3:39  Forge  
  37  3:42  Forge, Probe  
  38  3:50  Probe  
  38  3:54  Warp Gate  
  39  4:00  Probe, Protoss Air Weapons Level 1  
  40  4:12  Probe, Nexus  
  41  4:18  Probe  
  41  4:23  Assimilator  
  42  4:24  Probe  
  42  4:26  Probe  
  42  4:27  Assimilator  
  42  4:29  Probe  
  45  4:33  Probe  
  45  4:36  Probe  
  46  4:41  Probe  
  46  4:42  Probe  
  46  4:44  Assimilator  
  46  4:45  Protoss Ground Weapons Level 1  
  48  4:48  Probe, Assimilator  
  48  4:50  Probe  
  50  4:53  Probe  
  52  5:02  Probe  
  52  5:05  Protoss Ground Armor Level 1  
  52  5:06  Probe  
  54  5:18  Probe  
  54  5:20  Nexus  
  54  5:21  Probe  
  56  5:25  Probe  
  56  5:30  Probe  
  56  5:33  Probe x2  
  56  5:35  Pylon  
  59  5:42  Probe  
  61  5:43  Probe  
  61  5:45  Probe, Pylon  
  61  5:48  Protoss Air Armor Level 1, Robotics Facility  
  63  5:50  Pylon, Twilight Council  
  63  5:55  Probe  
  63  5:56  Pylon  
  64  5:57  Probe  
  65  6:07  Probe  
  65  6:09  Probe  
  67  6:15  Pylon  
  67  6:17  Probe  
  67  6:18  Pylon  
  67  6:22  Pylon  
  67  6:24  Pylon  
  67  6:25  Probe  
  69  6:34  Probe  
  69  6:37  Protoss Shields Level 1  
  69  6:39  Nexus  
  70  6:43  Nexus  
  70  6:44  Stargate  
  70  6:46  Probe, Stargate  
  71  6:48  Stargate  
  71  6:50  Stargate  
  71  6:51  Stargate  
  71  6:52  Nexus  
  71  6:56  Dark Shrine  
  71  6:58  Robotics Bay, Probe, Protoss Ground Armor Level 2  
  72  7:08  Probe  
  72  7:10  Probe  
  74  7:16  Probe  
  74  7:17  Probe  
  74  7:18  Probe  
  77  7:25  Probe x2  
  77  7:26  Assimilator  
  77  7:28  Probe  
  79  7:30  Assimilator  
  79  7:34  Probe  
  80  7:37  Probe  
  80  7:39  Assimilator  
  80  7:40  Probe  
  80  7:44  Assimilator  
  83  7:46  Probe  
  83  7:47  Assimilator  
  83  7:48  Fleet Beacon  
  83  7:50  Probe  
  83  7:51  Pylon  
  85  7:52  Assimilator, Probe  
  85  7:54  Pylon  
  86  7:59  Probe x2, Pylon  
  86  8:00  Charge  
  86  8:01  Observer  
  86  8:02  Assimilator  
  86  8:04  Pylon  
  87  8:06  Assimilator  
  87  8:07  Probe, Pylon  
  87  8:11  Probe  
  90  8:15  Observer, Shadow Stride  
  90  8:16  Probe  
  92  8:23  Probe  
  93  8:28  Protoss Ground Weapons Level 2  
  93  8:32  Observer  
  94  8:35  Probe  
  94  8:38  Nexus  
  94  8:40  Assimilator  
  95  8:43  Assimilator  
  95  8:47  Probe, Pylon  
  96  8:50  Observer  
  96  8:52  Pylon  
  97  8:55  Pylon  
  97  9:01  Pylon  
  97  9:13  Pylon  
  97  9:18  Pylon  
  97  9:24  Pylon  
  97  9:30  Pylon  
  97  9:38  Pylon  
  97  9:40  Blink  
  97  9:42  Gateway x2  
  97  9:44  Gateway  
  97  9:48  Gateway  
  97  9:50  Gateway  
  97  9:52  Probe, Gateway  
  97  9:53  Gateway x2  
  97  9:56  Probe  
  97  9:58  Gateway  
  99  10:00  Probe, Gateway, Protoss Ground Armor Level 3  
  99  10:02  Probe  
  99  10:03  Gateway x2  
  99  10:04  Probe  
  99  10:06  Gateway  
  101  10:08  Gateway  
  101  10:10  Probe x2, Gateway  
  101  10:12  Gateway  
  101  10:14  Probe, Gateway  
  103  10:16  Gateway  
  103  10:18  Gateway  
  103  10:20  Probe  
  105  10:22  Probe, Protoss Air Weapons Level 2  
  105  10:24  Protoss Air Armor Level 2  
  105  10:26  Probe  
  108  10:33  Stargate  
  108  10:34  Probe, Stargate  
  109  10:36  Stargate  
  109  10:39  Stargate  
  109  10:47  Stargate x2  
  109  10:49  Stargate  
  109  10:51  Stargate  
  109  10:53  Stargate  
  109  10:55  Pylon  
  109  10:57  Pylon  
  109  11:02  Pylon  
  109  11:06  Pylon  
  109  11:29  Protoss Ground Weapons Level 3  
  109  11:34  Nexus x2  
  109  11:41  Resonating Glaives  
  109  11:42  Unknown  
  109  11:45  Probe  
  109  11:53  Probe  
  110  11:57  Assimilator  
  110  11:59  Assimilator  
  110  12:01  Assimilator  
  111  12:03  Probe, Assimilator  
  111  12:08  Nexus  
  112  12:15  Probe  
  113  12:23  Nexus  
  113  12:27  Probe  
  114  12:36  Nexus  
  114  12:37  Pylon  
  114  12:40  Pylon  
  114  12:43  Probe, Pylon  
  114  12:44  Nexus  
  114  12:48  Pylon  
  114  12:50  Nexus  
  114  12:51  Probe  
  115  12:53  Pylon  
  116  12:59  Pylon  
  116  13:01  Probe  
  116  13:02  Dark Templar x2  
  116  13:03  Nexus, Dark Templar x6  
  116  13:04  Pylon, Dark Templar x6  
  116  13:05  Dark Templar x6  
  155  13:06  Pylon  
  155  13:12  Flux Vanes  
  157  13:13  Pylon  
  157  13:14  Gravitic Boosters  
  157  13:15  Pylon  
  157  13:20  Pylon  
  157  13:23  Pylon  
  157  13:31  Pylon, Protoss Air Weapons Level 3  
  157  13:32  Protoss Air Armor Level 3  
  157  13:34  Pylon  
  157  13:37  Assimilator  
  157  13:40  Pylon  
  157  13:41  Dark Templar x3  
  157  13:42  Assimilator, Dark Templar x7  
  157  13:43  Dark Templar x6  
  157  13:44  Pylon, Dark Templar x4  
  157  13:47  Pylon  
  197  13:53  Pylon  
  197  13:58  Probe  
  198  14:07  Probe  
  198  14:09  Anion Pulse-Crystals  
  198  14:11  Gravitic Drive  
  198  14:16  Probe  
  198  14:17  Protoss Shields Level 2  
  183  15:04  Pylon  
  183  15:08  Extended Thermal Lance  
  183  15:11  Pylon  
  183  15:14  Pylon  
  183  15:19  Pylon  
  183  15:22  Pylon  
  183  15:35  Pylon  
  183  15:44  Pylon  
  183  15:46  Pylon  
  183  15:52  Pylon  
  183  15:54  Pylon  
  183  15:56  Pylon  
  183  16:01  Pylon  
  183  16:06  Shield Battery  
  183  16:08  Shield Battery  
  183  16:09  Shield Battery  
  183  16:10  Shield Battery  
  183  16:12  Shield Battery  
  183  16:13  Shield Battery  
  183  16:16  Shield Battery  
  183  16:17  Shield Battery  
  183  16:19  Shield Battery x2  
  183  16:20  Shield Battery  
  183  16:22  Shield Battery x2  
  183  16:29  Probe  
  183  16:39  Shield Battery  
  183  16:41  Probe  
  183  16:42  Shield Battery  
  183  16:44  Shield Battery  
  183  16:45  Shield Battery  
  184  16:47  Shield Battery  
  184  16:49  Shield Battery  
  184  16:50  Shield Battery  
  184  16:53  Probe  
  185  16:56  Shield Battery  
  185  16:58  Shield Battery  
  185  16:59  Shield Battery  
  185  17:01  Shield Battery  
  185  17:04  Shield Battery  
  185  17:05  Shield Battery, Robotics Facility  
  185  17:06  Robotics Facility  
  185  17:12  Shield Battery  
  185  17:13  Robotics Facility  
  185  17:14  Robotics Facility x2  
  185  17:17  Robotics Facility  
  185  17:18  Robotics Facility  
  185  17:20  Robotics Facility  
  185  17:21  Robotics Facility  
  185  17:25  Robotics Facility  
  185  17:26  Robotics Facility  
  180  18:30  Archon x5  
  180  18:31  Archon x4  
  180  18:32  Archon x5  
  180  18:33  Archon  
  188  18:52  Mothership  
  176  19:33  Stargate  
  176  19:34  Stargate  
  176  19:36  Stargate  
  176  19:37  Stargate  
  176  19:39  Stargate  
  176  19:43  Stargate  
  172  19:45  Stargate  
  172  19:47  Stargate  
  172  19:49  Stargate  
  172  19:51  Stargate  
  128  20:23  Tempest x3  
  128  20:24  Tempest x8  
  128  20:25  Tempest x6  
  128  20:26  Tempest  
  200  21:27  Assimilator  
  200  21:30  Assimilator  
  200  21:51  Pylon  
  200  21:55  Pylon  
  200  21:59  Pylon  
  200  22:02  Pylon  
  200  22:05  Pylon  
  200  22:08  Pylon  
  200  22:11  Pylon  
  200  22:16  Pylon, Protoss Shields Level 3  
  200  22:20  Pylon  
  200  22:22  Pylon  
  200  22:24  Pylon  
  200  22:38  Assimilator  
  200  22:42  Assimilator  
  200  22:45  Pylon  
  200  22:47  Pylon  
  200  22:50  Pylon  
  200  22:53  Pylon  
  200  22:54  Pylon  
  200  22:56  Pylon  
  200  22:57  Pylon  
  200  23:01  Shield Battery, Pylon  
  200  23:03  Shield Battery  
  200  23:04  Shield Battery  
  200  23:06  Shield Battery  
  200  23:08  Shield Battery  
  200  23:09  Shield Battery  
  200  23:11  Shield Battery  
  200  23:14  Shield Battery  
  200  23:16  Shield Battery  
  200  23:17  Shield Battery  
  200  23:20  Shield Battery  
  200  23:22  Shield Battery  
  200  23:24  Shield Battery  
  200  23:26  Shield Battery  
  200  23:28  Shield Battery  
  200  23:29  Shield Battery  
  200  23:34  Shield Battery  
  200  23:35  Shield Battery  
  200  23:37  Shield Battery  
  200  23:40  Shield Battery x2  
  200  23:42  Shield Battery  
  200  23:44  Shield Battery x2  
  200  23:45  Shield Battery x2  
  200  23:47  Shield Battery  
  200  23:50  Shield Battery  
  200  23:51  Shield Battery x2  
  200  23:53  Shield Battery  
  200  23:54  Shield Battery x2  
  200  23:56  Shield Battery  
  200  23:57  Shield Battery x2  
  200  23:58  Shield Battery  
  200  24:00  Shield Battery x2  
  200  24:02  Shield Battery  
  200  24:03  Shield Battery x2  
  200  24:05  Assimilator, Shield Battery  
  200  24:06  Shield Battery  
  200  24:07  Assimilator  
  200  24:08  Shield Battery  
  200  24:09  Shield Battery  
  200  24:10  Shield Battery x2  
  200  24:12  Shield Battery x2  
  200  24:15  Shield Battery  
  200  24:16  Shield Battery  
  200  24:17  Shield Battery  
  200  24:20  Shield Battery x2  
  200  24:21  Shield Battery  
  200  24:23  Shield Battery  
  200  24:25  Shield Battery  
  200  24:27  Shield Battery  
  200  24:29  Shield Battery  
  200  24:31  Shield Battery x2  
  200  24:33  Shield Battery  
  200  24:34  Pylon  
  200  24:38  Shield Battery  
  200  24:39  Shield Battery  
  200  24:40  Shield Battery  
  200  24:41  Shield Battery  
  200  24:42  Shield Battery  
  200  24:43  Shield Battery x2  
  200  24:44  Shield Battery  
  200  24:46  Shield Battery  
  200  24:47  Shield Battery x2  
  200  24:49  Shield Battery x2  
  200  24:51  Shield Battery x2  
  200  24:52  Shield Battery  
  200  24:53  Shield Battery  
  200  24:55  Shield Battery x2  
  200  24:57  Shield Battery  
  200  25:01  Shield Battery  
  200  25:03  Shield Battery  
  200  25:04  Shield Battery  
  200  25:06  Shield Battery, Pylon  
  200  25:07  Shield Battery  
  200  25:08  Pylon  
  200  25:09  Shield Battery  
  200  25:11  Shield Battery  
  200  25:12  Shield Battery  
  200  25:13  Shield Battery  
  200  25:14  Shield Battery x2  
  200  25:15  Shield Battery  
  200  25:16  Shield Battery x2  
  200  25:18  Shield Battery x2  
  200  25:20  Shield Battery x2  
  200  25:21  Shield Battery x2  
  200  25:22  Shield Battery x2  
  200  25:23  Shield Battery  
  200  25:24  Shield Battery  
  200  25:25  Shield Battery  
  200  25:26  Shield Battery  
  200  25:28  Shield Battery  
  200  25:29  Shield Battery  
  200  25:30  Shield Battery  
  200  25:31  Shield Battery  
  200  25:33  Shield Battery  
  200  25:34  Shield Battery, Pylon  
  200  25:36  Pylon  
  200  25:37  Shield Battery  
  200  25:38  Shield Battery  
  200  25:40  Shield Battery  
  200  25:42  Pylon  
  200  25:43  Shield Battery  
  200  25:45  Pylon  
  200  25:46  Shield Battery  
  200  25:47  Pylon  
  200  25:50  Pylon  
  200  25:51  Pylon  
  200  25:53  Pylon  
  200  25:55  Pylon, Shield Battery x2  
  200  25:57  Pylon  
  200  25:58  Shield Battery  
  200  25:59  Shield Battery, Pylon  
  200  26:02  Shield Battery  
  200  26:04  Shield Battery  
  200  26:05  Shield Battery  
  200  26:06  Shield Battery  
  200  26:07  Shield Battery  
  200  26:08  Shield Battery x2  
  200  26:10  Shield Battery x2  
  200  26:11  Shield Battery  
  200  26:13  Shield Battery  
  200  26:14  Shield Battery  
  200  26:16  Shield Battery x2  
  200  26:18  Shield Battery  
  200  26:19  Shield Battery  
  200  26:20  Shield Battery  
  200  26:21  Shield Battery x2  
  200  26:22  Shield Battery  
  200  26:23  Shield Battery  
  200  26:24  Shield Battery  
  200  26:25  Shield Battery x2  
  200  26:27  Shield Battery x2  
  200  26:29  Shield Battery x4  
  200  26:31  Shield Battery  
  200  26:32  Shield Battery  
  200  26:33  Shield Battery  
  200  26:34  Shield Battery  
  200  26:35  Shield Battery  
  200  26:37  Shield Battery  
  200  26:38  Shield Battery  
  200  26:39  Shield Battery  
  200  26:41  Shield Battery  
  200  26:43  Shield Battery x2  
  200  26:44  Shield Battery  
  200  26:45  Shield Battery  
  200  26:46  Shield Battery  
  200  26:47  Shield Battery  
  200  26:49  Shield Battery x2  
  200  26:50  Shield Battery  
  200  26:51  Shield Battery  
  200  26:52  Shield Battery  
  200  26:54  Shield Battery  
  200  26:57  Shield Battery  
  200  26:58  Shield Battery  
  200  26:59  Assimilator, Shield Battery x2  
  200  27:02  Shield Battery  
  200  27:03  Assimilator  
  200  27:05  Shield Battery  
  200  27:06  Shield Battery  
  200  27:07  Assimilator, Shield Battery  
  200  27:09  Shield Battery  
  200  27:11  Shield Battery  
  200  27:12  Assimilator  
  200  27:15  Shield Battery  
  200  27:17  Shield Battery  
  200  27:19  Shield Battery  
  200  27:21  Shield Battery  
  200  27:23  Shield Battery  
  200  27:25  Shield Battery  
  200  27:30  Shield Battery  
  200  27:34  Shield Battery  
  200  27:49  Photon Cannon  
  200  27:51  Photon Cannon  
  200  27:53  Photon Cannon  
  200  27:55  Photon Cannon  
  200  27:57  Photon Cannon  
  200  28:01  Photon Cannon  
  200  28:02  Photon Cannon  
  200  28:03  Photon Cannon  
  200  28:06  Photon Cannon  
  200  28:10  Photon Cannon  
  200  28:15  Photon Cannon  
  200  28:20  Photon Cannon x2  
  200  28:22  Photon Cannon  
  200  28:24  Photon Cannon  
  200  28:28  Photon Cannon  
  200  28:29  Photon Cannon  
  200  28:32  Photon Cannon  
  200  28:33  Photon Cannon x2  
  200  28:35  Photon Cannon x2  
  200  28:38  Photon Cannon  
  200  28:39  Photon Cannon  
  200  28:41  Photon Cannon  
  200  28:44  Photon Cannon  
  200  28:46  Photon Cannon  
  200  28:49  Photon Cannon  
  200  28:52  Photon Cannon  
  200  28:53  Photon Cannon  
  200  28:56  Photon Cannon  
  200  28:57  Photon Cannon  
  200  29:00  Photon Cannon x2  
  200  29:01  Photon Cannon  
  200  29:03  Photon Cannon  
  200  29:04  Photon Cannon x2  
  200  29:05  Photon Cannon  
  200  29:07  Photon Cannon  
  200  29:08  Photon Cannon x2  
  199  29:10  Photon Cannon  
  199  29:11  Photon Cannon  
  199  29:13  Photon Cannon x2  
  199  29:16  Photon Cannon  
  195  29:18  Tempest  
  195  29:19  Photon Cannon x2  
  195  29:20  Photon Cannon  
  195  29:22  Photon Cannon  
  199  29:25  Photon Cannon  
  199  29:28  Photon Cannon  
  199  29:36  Photon Cannon  
  198  29:39  Photon Cannon  
  198  29:40  Photon Cannon x2  
  198  29:42  Photon Cannon x2  
  198  29:44  Photon Cannon x2  
  198  29:47  Photon Cannon  
  198  29:49  Photon Cannon x2  
  198  29:52  Photon Cannon  
  198  29:54  Photon Cannon  
  198  29:57  Photon Cannon  
  198  29:58  Photon Cannon  
  198  30:00  Photon Cannon x2  
  198  30:02  Photon Cannon x2  
  198  30:03  Photon Cannon  
  198  30:04  Photon Cannon  
  198  30:05  Photon Cannon x2  
  198  30:08  Pylon, Photon Cannon x2  
  198  30:09  Photon Cannon  
  198  30:10  Photon Cannon x2  
  198  30:11  Photon Cannon  
  198  30:12  Pylon, Photon Cannon  
  198  30:14  Pylon  
  198  30:15  Photon Cannon  
  198  30:16  Pylon  
  198  30:17  Photon Cannon x2  
  198  30:18  Photon Cannon  
  198  30:20  Pylon, Photon Cannon  
  198  30:21  Photon Cannon  
  198  30:22  Pylon, Photon Cannon  
  198  30:23  Photon Cannon x3  
  198  30:24  Photon Cannon  
  198  30:25  Photon Cannon  
  198  30:27  Pylon, Photon Cannon  
  198  30:29  Photon Cannon  
  198  30:31  Pylon  
  198  30:32  Photon Cannon  
  198  30:34  Pylon, Photon Cannon  
  198  30:36  Photon Cannon  
  198  30:37  Pylon, Photon Cannon  
  198  30:40  Photon Cannon  
  198  30:42  Photon Cannon  
  198  30:44  Pylon x2  
  198  30:47  Shield Battery, Pylon  
  198  30:48  Shield Battery  
  198  30:49  Shield Battery, Pylon  
  198  30:50  Shield Battery  
  198  30:51  Pylon, Photon Cannon  
  198  31:05  Pylon  
  198  31:13  Pylon x2  
  198  31:14  Pylon  
  198  31:19  Pylon  
  193  32:01  Tempest x5  
  177  32:02  Tempest  
  185  32:21  Tempest x3  
  153  32:54  Tempest x3  
  153  32:55  Tempest x6  
  153  32:56  Tempest x2  
  193  33:03  Tempest  
  197  33:46  Tempest  
  194  34:08  Mothership  
  195  34:29  Tempest  
  172  35:07  Tempest x3  
  172  35:08  Tempest  
  172  35:12  Tempest  
  154  35:15  Tempest x6  
  154  35:16  Tempest x2  
  190  35:40  Tempest x3  
  196  36:19  Tempest  
  200  37:07  Dark Templar  
  190  38:04  Carrier  
  176  38:37  Carrier x4  
  200  38:54  Tempest  
Tags
 
Add a new tag
Caveats
  • Supply blocks, unpowered buildings, or Contaminate may cause inaccurate times.
  • Supply counts are checked every 10 seconds.